 Dungeon Crawl Stone Soup version 0.31-a0-233-g139696dc86 (webtiles) character file.

Game seed: 11689480015229555925

141 Nietzsche the Cudgeller (level 5, 0/39 HPs)
             Began as a Demonspawn Gladiator on July 9, 2023.
             Frozen to death by an endoplasm (2 damage)
             ... on level 3 of the Dungeon.
             The game lasted 00:04:31 (1339 turns).

Nietzsche the Cudgeller (Demonspawn Gladiator)      Turns: 1339, Time: 00:04:31

Health: 0/39       AC:  4    Str: 11 (14) XL:     5   Next: 3%
Magic:  7/7        EV: 12    Int: 10 (11) God:
Gold:   75         SH:  6    Dex: 13 (15) Spells: 7/7 levels left

rFire   . . .        a - +0 flail
rCold   . . .        (no shield)
rNeg    . . .        b - +0 leather armour
rPois   .            c - +0 helmet
rElec   .            (no cloak)
rCorr   .            (no gloves)
SInv    .            (no boots)
Will    .....        (no amulet)
Stlth   +            j - ring of flight
HPRegen 0.26/turn    (no ring)
MPRegen 0.10/turn

%: no passive effects
@: flying
A: hooves 1, large bone plates 2
a: no special abilities


You were on level 3 of the Dungeon.
You visited 1 branch of the dungeon, and saw 3 of its levels.

You collected 75 gold pieces.

Inventory:

Hand Weapons
 a - a +0 flail (weapon)
 m - a +2 hand axe of venom
Missiles
 d - 3 throwing nets (quivered)
 e - a javelin
Armour
 b - a +0 leather armour (worn)
 c - a +0 helmet (worn)
Magical Staves
 i - a staff of cold
Jewellery
 j - a ring of flight (left hand)
Scrolls
 h - 3 scrolls of enchant armour {unknown}
 l - a scroll of revelation {unknown}
 o - a scroll of fear {unknown}
Potions
 f - a potion of might {unknown}
 g - a potion of mutation {unknown}
 k - a potion of curing {unknown}
 n - 2 potions of heal wounds {unknown}
 p - a potion of degeneration
 q - a potion of attraction {unknown}


   Skills:
 + Level 2.5 Fighting
 + Level 3.9 Maces & Flails
 - Level 1.7 Throwing
 + Level 1.5 Armour
 + Level 2.9 Dodging
 + Level 0.5 Shields
 * Level 1.6 Spellcasting


You had 7 spell levels left.
You didn't know any spells.
Your spell library was empty.

Dungeon Overview and Level Annotations

Branches:
Dungeon (3/15)

Altars:

Annotations:
D:3 1 runed translucent door, bjtr's ghost, amateur DsNe


Innate Abilities, Weirdness & Mutations

You have large cloven feet.
You are mostly covered in large bone plates. (SH +6)


Message History

You hit Natasha.
Natasha is almost dead.
The cerulean imp hits you from afar with a +0 spear.
* * * LOW HITPOINT WARNING * * *
Natasha casts a spell at you. The magic dart hits you.
* * * LOW HITPOINT WARNING * * *
The cerulean imp closely misses you.
You closely miss Natasha.
Natasha is almost dead.
Natasha closely misses you. The cerulean imp misses you. Natasha claws you.
* * * LOW HITPOINT WARNING * * *
You hit Natasha but do no damage.
Natasha is almost dead.
The cerulean imp closely misses you. Natasha closely misses you.
You closely miss Natasha.
Natasha is almost dead.
The cerulean imp hits you from afar with a +0 spear.
* * * LOW HITPOINT WARNING * * *
Natasha completely misses you.
You closely miss Natasha. You kick Natasha.
You kill Natasha!
You feel Natasha's spirit has finally been put to rest.
The cerulean imp disappears in a puff of smoke!
You have reached level 5!
Your demonic ancestry asserts itself...
Large bone plates spread over more of your arms.
An endoplasm comes into view.
The endoplasm quivers.
You hit the endoplasm. You kick the endoplasm.
The endoplasm is severely wounded.
The endoplasm freezes you.
You are frozen.
* * * LOW HITPOINT WARNING * * *
It was a potion of degeneration.
There was something very wrong with that liquid.
You feel weakened.
You feel dopey.
You feel clumsy. The endoplasm freezes you.
You are frozen.
You die...

## .# .# .# ... .+ .... .# ....
## ... ########. .# #.##@J<.....
.# .#####....#.##### # .#
......##..# # ### .#
#######.....# #..
.#####....###...################.
....)'....†................>...#.
######....###.##....##.####'#####
####.....##.#####..(.......#
#.######.##...........(..


You could see an endoplasm.

Vanquished Creatures
  Natasha (thrice) (D:3)
  An adder (D:3)
  A dart slug (D:3)
  2 bats
  2 endoplasms (D:1)
  9 goblins
  7 hobgoblins
  3 jackals (D:1)
  4 quokkas
  2 ball pythons
  12 frilled lizards
  6 kobolds
  3 rats
55 creatures vanquished.

Notes
Turn   | Place    | Note
-------+----------+-------------------------------------------
     0 | D:1      | Nietzsche the Demonspawn Gladiator began the quest for the
                  | Orb.
     0 | D:1      | Reached XP level 1. HP: 16/16 MP: 1/1
   196 | D:1      | Gained mutation: You are partially covered in large bone
                  | plates. (SH +4) [demonic ancestry]
   196 | D:1      | Reached XP level 2. HP: 22/22 MP: 2/2
   198 | D:1      | Reached skill level 3 in Maces & Flails
   627 | D:1      | Reached XP level 3. HP: 27/27 MP: 4/4
   806 | D:2      | You are sucked into a shaft and drop 1 floor!
   820 | D:3      | Found a runed translucent door.
   820 | D:3      | Noticed bjtr's ghost (amateur DsNe)
   894 | D:3      | Reached skill level 1 in Armour
   894 | D:3      | Reached skill level 1 in Spellcasting
  1050 | D:3      | Noticed Natasha
  1060 | D:3      | Killed Natasha
  1061 | D:3      | Gained mutation: You have large cloven feet. [demonic
                  | ancestry]
  1061 | D:3      | Reached XP level 4. HP: 28/34 MP: 4/6
  1124 | D:3      | Noticed Natasha
  1132 | D:3      | Killed Natasha
  1313 | D:3      | Noticed Natasha
  1327 | D:3      | Killed Natasha
  1328 | D:3      | Gained mutation: You are mostly covered in large bone
                  | plates. (SH +6) [demonic ancestry]
  1328 | D:3      | Reached XP level 5. HP: 4/39 MP: 7/7
  1339 | D:3      | Frozen to death by an endoplasm

Illustrated notes

Levels and vault maps discovered:
D:1:      sevenhm_arrival_forest_fort_small_5, layout_basic, st_stairs_10,
          minmay_misc_feat_enclosed
D:2:      layout_basic, serial_glass, glass_columns_a, glass_columns_a,
          basic_altar
D:3:      layout_basic, marbit_many_paths, hellmonk_ghost_happy_afterlife,
          minmay_misc_feat_ornament, minmay_lizard_king, uniq_natasha

Skill      XL: |  1  2  3 |
---------------+----------+-----
Maces & Flails | 3 |  3.9
Armour         | 1 |  1.5
Spellcasting   | 1 |  1.6
Fighting       | |  2.5
Throwing       | |  1.7
Dodging        | |  2.9
Shields        | |  0.5

Action                     |  1- 3 |  4- 6 || total
---------------------------+-------+-------++-------
  Melee: Flail             |   137 |    40 ||   177
         Punch             |     2 |       ||     2
         Kick              |       |    10 ||    10
    Use: Potion            |       |     1 ||     1
   Stab: Distracted        |     1 |       ||     1
 Armour: Leather armour    |    36 |     7 ||    43
  Dodge: Dodged            |    77 |    23 ||   100
  Block: Other             |    28 |    11 ||    39

Table legend: (Time is in decaauts)
 A = Elapsed time spent in this place.
 B = Non-inter-level travel time spent in this place.
 C = Inter-level travel time spent in this place.
 D = Time resting spent in this place.
 E = Time spent auto-exploring this place.
 F = Levels seen in this place.
 G = Mean time per level.
                   A        B        C        D        E       F      G
               +--------+--------+--------+--------+--------+-----+--------+
         Total |   1391 |   1391 |      0 |      0 |    824 |   3 |  463.7 |
       Dungeon |   1391 |   1391 |      0 |      0 |    824 |   3 |  463.7 |
               +--------+--------+--------+--------+--------+-----+--------+

Top non-repeatable levels by time:
     D:1: 790 daAuts
     D:3: 564 daAuts
     D:2: 36 daAuts
